 Dungeon Sprint DCSS version 0.17-a0-1674-g2b13139 (webtiles) character file.

78971 Kidiri the Imperceptible (level 14, -2/59 HPs)
             Began as a Spriggan Enchanter on Aug 18, 2015.
             Was the Champion of Dithmenos.
             Slain by a vampire knight (26 damage)
             ... in the Dungeon (Sprint III: "The Ten Rune Challenge").
             The game lasted 00:32:43 (6453 turns).

Kidiri the Imperceptible (Spriggan Enchanter)       Turns: 6453, Time: 00:32:43

Health: -2/59      AC:  5    Str:  6    XL:     14   Next: 21%
Magic:  31/36      EV: 38    Int: 19    God:    Dithmenos [******]
Gold:   536        SH:  0    Dex: 22    Spells: 13 memorised, 12 levels left

rFire  . . .     SeeInvis +     x - +10 rapier of Makhleb's Hope {pierce, +Rage rF- rC+++ Dex+3}
rCold  + + +     Clarity  .     b - +1 robe
rNeg   . . .     SustAt   .     (shield restricted)
rPois  .         Gourm    .     v - +1 hat
rElec  +         Spirit   .     y - +0 cloak of Dijineusoi {rElec rF+ Str+2}
rCorr  .         Warding  .     (gloves unavailable)
rMut   .         NoTele   +     (boots unavailable)
MR     ++...                    (no amulet)
Stlth  ++++++++++               (no ring)
                                (no ring)

@: wreathed by umbra, very quick, very resistant to hostile enchantments,
uncannily stealthy
A: unfitting armour, icy blue scales 1, see invisible, deformed body, herbivore
3, speed 3, slow metabolism 2, no device heal 1, MP-powered wands
a: Shadow Step, Shadow Form, Renounce Religion, Evoke Berserk Rage
}: 2/10 runes: decaying, serpentine


You were in the Dungeon.
You worshipped Dithmenos.
Dithmenos was exalted by your worship.
You were not hungry.

You visited 1 branch You collected 1595 gold pieces.
You spent 1059 gold pieces at shops.

Inventory:

Hand weapons
 x - the +10 rapier of Makhleb's Hope (weapon) {pierce, +Rage rF- rC+++ Dex+3}
   (You found it in the Dungeon)

   It inflicts extra damage upon your enemies.
   It affects your dexterity (+3).
   It makes you vulnerable to fire.
   It renders you almost immune to cold.
   It lets you go berserk.
Missiles
 a - 11 throwing nets (quivered)
Armour
 b - a +1 robe (worn)
 v - a +1 hat (worn)
 y - the +0 cloak of Dijineusoi (worn) {rElec rF+ Str+2}
   (You bought it in a shop in the Dungeon)

   It affects your strength (+2).
   It protects you from fire.
   It insulates you from electricity.
Magical devices
 k - a wand of slowing (25)
 w - a wand of enslavement (12)
Scrolls
 j - 2 scrolls of blinking
 m - a scroll of torment
 o - 3 scrolls of remove curse
 q - a scroll of immolation {unknown}
Potions
 e - 3 potions of curing
 f - 3 potions of heal wounds
 g - a potion of haste
 i - 3 potions of berserk rage
 n - a potion of agility {unknown}
 p - 2 potions of flight {unknown}
 r - 2 potions of cure mutation {unknown}
 u - a potion of might
Comestibles
 c - 10 fruits
 d - 2 bread rations
 l - 24 royal jellies


   Skills:
 + Level 11.9 Short Blades
 * Level 20.3 Dodging
 * Level 22.0 Stealth
 * Level 17.8 Spellcasting
 + Level 8.4 Conjurations
 + Level 13.2 Hexes
 + Level 13.7 Charms
 + Level 8.7 Summonings
 + Level 14.0 Translocations
 + Level 9.4 Ice Magic
 + Level 9.4 Air Magic
 + Level 9.4 Poison Magic
 - Level 2.4 Invocations


You had 12 spell levels left.
You knew the following spells:

 Your Spells              Type           Power        Failure   Level  Hunger
a - Corona                Hex            ######.      0%          1    None
b - Ensorcelled Hibernat  Hex/Ice        ######       1%          2    None
c - Confuse               Hex            ######..     1%          3    None
d - Tukima's Dance        Hex            ######..     1%          3    None
e - Dazzling Spray        Conj/Hex       ######..     1%          3    None
f - Slow                  Hex            ######..     1%          2    None
g - Magic Dart            Conj           ####         1%          1    None
h - Blink                 Tloc           N/A          1%          2    None
i - Call Imp              Summ           ######..     1%          2    None
j - Repel Missiles        Chrm/Air       ######       1%          2    None
k - Mephitic Cloud        Conj/Pois/Air  ######..     1%          3    None
l - Freezing Cloud        Conj/Ice/Air   ######....   14%         6    #####..
m - Poisonous Cloud       Conj/Pois/Air  ######....   14%         6    #####..


Dungeon Overview and Level Annotations

Branches:
Dungeon (1/1)

Altars:
Cheibriados
Dithmenos
Elyvilon
Fedhas
Gozag
Kikubaaqudgha
Makhleb
Nemelex Xobeh
Okawaru
Qazlal
Ru
Sif Muna
Trog
Vehumet
Xom
Yredelemnul
Zin
The Shining One
Jiyva
Lugonu

Shops:
D [?=:%((

Annotations:
D exclusion: orange crystal statue


Innate Abilities, Weirdness & Mutations

You are tiny and cannot use many weapons and most armour.
You have supernaturally acute eyesight.
You are a herbivore.
You cover ground extremely quickly.
You need consume almost no food.
You are partially covered in icy blue scales (AC +1).
Armour fits poorly on your strangely shaped body.
Potions and wands are less effective at restoring your health.
You expend magic power (3 MP) to strengthen your wands.


Message History

Unknown command.
Drink which item? (? for menu, Esc to quit)
You feel much better. The vampire knight misses you.
The vampire knight completely misses you.
Your enchanted great mace hits the vampire knight!
You hit the vampire knight but do no damage.
The vampire knight is heavily damaged.
The vampire knight completely misses you. x2
You hit the vampire knight but do no damage.
The vampire knight is heavily damaged.
Your enchanted great mace hits the vampire knight.
The vampire knight completely misses you. x2
You hit the vampire knight.
The vampire knight is heavily damaged.
Your shadow closely misses the vampire knight.
You hit the vampire knight but do no damage.
The vampire knight is heavily damaged.
Your enchanted great mace barely misses the vampire knight.
The vampire knight hits you!!
You die...

.§#,∩∩∩∩,#....)#.#).#....§§#
§.#,∩∩∩∩,#)....#§#..'..§§§§#
.§#,,,,,,#.#)#.+.#..#..§§§§#
..#**++**#..#..#.#[.#...§§§#
..#,8,,8,#)....###########§#
#.#,,,,,,#################.#
*,§,,,,,,*,*,*,#(#.#[#(#)#.#
,,,,,,,,,#+#+#+#V#+#+#+#+#+#
,,,,,,,,,#....§§@§.^.^...^.#
*********#....§§§§§...^..^.#
*≈≈≈≈≈≈**#+#+#+#+#+#+#+#+#+#
+*,≈≈,≈*,*,*,*,*,#.#)#.#.#)#
**,,,,≈*,*+******▓▓▓▓▓▓▓▓▓▓▓
,,,,,,,,,*,,*,,,,,,,,,,,,,,*
****,,≈*,*,,*,,,,,,,,,,,,,,*
,,,**,≈*,*,,*,,**********,,*
,*,,**+***,,*,,*,,,,,,,,*,,*


You could see a vampire knight (invisible) and a friendly enchanted great mace.

Vanquished Creatures
  Xtahua (D)
  Rupert (D)
  Gastronok (D)
  Harold (D)
  A greater naga (D)
  Maud (D)
  2 dire elephants (D)
  A yaktaur captain (D)
  3 fire dragons (D)
  A naga warrior (D)
  3 hydras (D)
  6 anacondas (D)
  Erolcha (D)
  4 death yaks (D)
  A satyr (shapeshifter) (D)
  4 dancing weapons (D)
  2 centaur warriors (D)
  2 skeletal warriors (D)
  A death drake (D)
  A spriggan druid (D)
  A lindwurm (D)
  Joseph (D)
  An anubis guard (shapeshifter) (D)
  2 orc sorcerers (D)
  2 ugly things (D)
  7 black mambas (D)
  2 elephants (D)
  A guardian serpent (D)
  2 spiny frogs (D)
  A komodo dragon (D)
  A queen bee (D)
  A deep elf priest (D)
  4 guardian mummies (D)
  4 spriggan defenders (D)
  A fire drake (D)
  3 wandering mushrooms (D)
  3 orc high priests (D)
  8 blink frogs (D)
  A slime creature (D)
  2 trapdoor spiders (D)
  2 spriggans (D)
  A redback (shapeshifter) (D)
  4 redbacks (D)
  A shadow (D)
  2 nagas (D)
  2 hill giants (D)
  A spatial vortex (D)
  5 water moccasins (D)
  4 orc warriors (D)
  A swamp drake (D)
  A necrophage (D)
  3 two-headed ogres (D)
  2 brain worms (D)
  A water elemental (D)
  32 killer bees (D)
  An electric eel (D)
  A jelly (D)
  A wizard (D)
  3 orc priests (D)
  2 necromancers (D)
  Jessica (D)
  A kobold demonologist (D)
  3 humans (D)
  4 adders (D)
  A phantom (D)
  6 orcs (D)
  A quokka zombie (D)
  2 rats (D)
  A plant (D)
176 creatures vanquished.

Vanquished Creatures (collateral kills)
  A vampire knight (D)
  An orc sorcerer (D)
  An orc knight (D)
  An orc warrior (D)
  An orc wizard (D)
5 creatures vanquished.

Vanquished Creatures (others)
  2 draconian scorchers (D)
  3 yaktaurs (D)
  2 fire drakes (D)
  A bush (D)
  6 plants (D)
14 creatures vanquished.

Grand Total: 195 creatures vanquished

Notes
Turn   | Place    | Note
--------------------------------------------------------------
     0 | D        | Kidiri the Spriggan Enchanter began the quest for the Orb.
     0 | D        | Reached XP level 1. HP: 9/9 MP: 5/5
    73 | D        | Noticed Jessica
    76 | D        | Killed Jessica
    76 | D        | Reached skill level 5 in Dodging
    76 | D        | Reached skill level 6 in Stealth
    76 | D        | Reached XP level 2. HP: 13/13 MP: 5/8
    85 | D        | Learned a level 2 spell: Ensorcelled Hibernation
   145 | D        | Reached skill level 7 in Stealth
   145 | D        | Reached XP level 3. HP: 16/16 MP: 0/10
   170 | D        | Killed a yaktaur
   241 | D        | Reached skill level 5 in Spellcasting
   246 | D        | Learned a level 3 spell: Confuse
   250 | D        | Learned a level 3 spell: Tukima's Dance
   250 | D        | Killed a fire drake
   254 | D        | Learned a level 3 spell: Dazzling Spray
   269 | D        | Gained mutation: You are partially covered in icy blue scales (AC +1). [potion of mutation]
   269 | D        | Gained mutation: Potions and wands are less effective at restoring your health. [potion of mutation]
   269 | D        | Gained mutation: Armour fits poorly on your strangely shaped body. [potion of mutation]
   270 | D        | Gained mutation: You expend magic power (3 MP) to strengthen your wands. [potion of mutation]
   280 | D        | Killed a white draconian scorcher
   298 | D        | Noticed a water elemental
   301 | D        | Killed a water elemental
   301 | D        | Reached skill level 8 in Stealth
   301 | D        | Reached skill level 5 in Hexes
   301 | D        | Reached skill level 1 in Ice Magic
   301 | D        | Reached XP level 4. HP: 21/21 MP: 11/13
   311 | D        | Noticed a jelly
   312 | D        | Noticed a shadow
   331 | D        | Killed a white draconian scorcher
   356 | D        | Killed a shadow
   356 | D        | Reached skill level 9 in Stealth
   356 | D        | Reached XP level 5. HP: 16/24 MP: 7/15
   491 | D        | Killed a jelly
   491 | D        | Reached skill level 10 in Stealth
   491 | D        | Reached XP level 6. HP: 23/28 MP: 13/17
   535 | D        | Killed a yaktaur
   547 | D        | Found a stormy altar of Qazlal.
   547 | D        | Found a sacrificial altar of Ru.
   547 | D        | Found a burning altar of Makhleb.
   547 | D        | Found a shimmering altar of Xom.
   548 | D        | Found a viscous altar of Jiyva.
   548 | D        | Found a shadowy altar of Dithmenos.
   548 | D        | Found a sparkling altar of Nemelex Xobeh.
   548 | D        | Found a corrupted altar of Lugonu.
   548 | D        | Found an opulent altar of Gozag.
   548 | D        | Noticed a spatial vortex
   552 | D        | Became a worshipper of Dithmenos the Shadowed
   577 | D        | Killed a spatial vortex
   577 | D        | Reached skill level 1 in Invocations
   690 | D        | Found a radiant altar of Vehumet.
   691 | D        | Found a deep blue altar of Sif Muna.
   691 | D        | Found an ancient bone altar of Kikubaaqudgha.
   691 | D        | Noticed a wizard
   692 | D        | Killed a wizard
   694 | D        | Reached skill level 5 in Short Blades
   709 | D        | Learned a level 2 spell: Slow
   711 | D        | Learned a level 1 spell: Magic Dart
   714 | D        | Learned a level 2 spell: Blink
   717 | D        | Learned a level 2 spell: Call Imp
   720 | D        | Learned a level 2 spell: Repel Missiles
   729 | D        | Found a glowing silver altar of Zin.
   730 | D        | Found a glowing golden altar of the Shining One.
   730 | D        | Found a white marble altar of Elyvilon.
   730 | D        | Noticed a deep elf priest
   732 | D        | Killed a deep elf priest
   732 | D        | Reached skill level 10 in Dodging
   732 | D        | Reached skill level 11 in Stealth
   732 | D        | Reached skill level 1 in Summonings
   732 | D        | Reached skill level 1 in Air Magic
   732 | D        | Reached XP level 7. HP: 32/32 MP: 20/20
   744 | D        | Found an iron altar of Okawaru.
   745 | D        | Found a bloodstained altar of Trog.
   745 | D        | Noticed a human
   745 | D        | Noticed a human
   747 | D        | Killed a human
   748 | D        | Killed a human
   748 | D        | Reached skill level 12 in Stealth
   763 | D        | Learned a level 3 spell: Mephitic Cloud
   781 | D        | Found a snail-covered altar of Cheibriados.
   781 | D        | Noticed a necrophage
   784 | D        | Noticed a necromancer
   790 | D        | Killed a necromancer
   790 | D        | Acquired Dithmenos's first power
   793 | D        | Found a basalt altar of Yredelemnul.
   793 | D        | Found a blossoming altar of Fedhas.
   796 | D        | Killed a necrophage
   796 | D        | Reached XP level 8. HP: 36/36 MP: 9/22
   880 | D        | Noticed a two-headed ogre
   880 | D        | Noticed a two-headed ogre
   884 | D        | Killed a two-headed ogre
   889 | D        | Killed a two-headed ogre
   891 | D        | Noticed a two-headed ogre
   895 | D        | Killed a two-headed ogre
   947 | D        | Killed a yaktaur
  1097 | D        | Noticed a hill giant
  1100 | D        | Killed a hill giant
  1100 | D        | Acquired Dithmenos's second power
  1100 | D        | Reached skill level 10 in Spellcasting
  1105 | D        | Noticed Erolcha
  1108 | D        | Noticed a hill giant
  1112 | D        | Killed a hill giant
  1115 | D        | Killed Erolcha
  1115 | D        | Reached skill level 13 in Stealth
  1115 | D        | Reached skill level 5 in Charms
  1115 | D        | Reached skill level 5 in Translocations
  1115 | D        | Reached XP level 9. HP: 31/39 MP: 14/24
  1137 | D        | Killed a fire drake
  1165 | D        | Noticed a redback
  1166 | D        | Killed a redback
  1208 | D        | Noticed a trapdoor spider
  1212 | D        | Killed a trapdoor spider
  1212 | D        | Acquired Dithmenos's third power
  1242 | D        | Noticed a trapdoor spider
  1247 | D        | Killed a trapdoor spider
  1382 | D        | Noticed a killer bee
  1382 | D        | Noticed a queen bee
  1382 | D        | Noticed a killer bee
  1382 | D        | Noticed a killer bee
  1382 | D        | Noticed a killer bee
  1382 | D        | Noticed a killer bee
  1382 | D        | Noticed a killer bee
  1382 | D        | Noticed a killer bee
  1382 | D        | Noticed a killer bee
  1382 | D        | Noticed a killer bee
  1382 | D        | Noticed a killer bee
  1382 | D        | Noticed a killer bee
  1382 | D        | Noticed a killer bee
  1382 | D        | Noticed a killer bee
  1382 | D        | Noticed a killer bee
  1383 | D        | Noticed a killer bee
  1383 | D        | Noticed a killer bee
  1383 | D        | Noticed a killer bee
  1383 | D        | Noticed a killer bee
  1383 | D        | Noticed a killer bee
  1383 | D        | Noticed a killer bee
  1384 | D        | Noticed a killer bee
  1386 | D        | Noticed a killer bee
  1386 | D        | Noticed a killer bee
  1387 | D        | Noticed a killer bee
  1387 | D        | Killed a killer bee
  1388 | D        | Noticed a killer bee
  1388 | D        | Noticed a killer bee
  1389 | D        | Noticed a killer bee
  1389 | D        | Killed a killer bee
  1391 | D        | Killed a killer bee
  1393 | D        | Noticed a killer bee
  1394 | D        | Killed a killer bee
  1396 | D        | Killed a killer bee
  1396 | D        | Reached skill level 14 in Stealth
  1397 | D        | Noticed a killer bee
  1398 | D        | Killed a killer bee
  1398 | D        | Acquired Dithmenos's fourth power
  1399 | D        | Noticed a killer bee
  1400 | D        | Killed a killer bee
  1401 | D        | Noticed a killer bee
  1402 | D        | Noticed a killer bee
  1402 | D        | Killed a killer bee
  1404 | D        | Killed a killer bee
  1617 | D        | Killed a killer bee
  1621 | D        | Killed a queen bee
  1625 | D        | Killed a killer bee
  1627 | D        | Killed a killer bee
  1629 | D        | Killed a killer bee
  1631 | D        | Killed a killer bee
  1635 | D        | Killed a killer bee
  1639 | D        | Killed a killer bee
  1639 | D        | Reached skill level 5 in Ice Magic
  1785 | D        | Killed a killer bee
  1787 | D        | Killed a killer bee
  1789 | D        | Killed a killer bee
  1791 | D        | Killed a killer bee
  1793 | D        | Killed a killer bee
  1795 | D        | Killed a killer bee
  1799 | D        | Killed a killer bee
  1801 | D        | Killed a killer bee
  1801 | D        | Reached XP level 10. HP: 38/44 MP: 11/26
  1803 | D        | Killed a killer bee
  1806 | D        | Killed a killer bee
  1808 | D        | Killed a killer bee
  1950 | D        | Killed a killer bee
  1954 | D        | Killed a killer bee
  1956 | D        | Killed a killer bee
  1960 | D        | Killed a killer bee
  1962 | D        | Killed a killer bee
  2086 | D        | Noticed a wandering mushroom
  2087 | D        | Noticed a wandering mushroom
  2087 | D        | Noticed a wandering mushroom
  2089 | D        | Killed a wandering mushroom
  2091 | D        | Killed a wandering mushroom
  2091 | D        | Reached skill level 15 in Stealth
  2142 | D        | Killed a wandering mushroom
  2219 | D        | Noticed a spiny frog
  2219 | D        | Noticed a komodo dragon
  2219 | D        | Noticed a spiny frog
  2221 | D        | Killed a spiny frog
  2225 | D        | Killed a spiny frog
  2227 | D        | Killed a komodo dragon
  2227 | D        | Reached skill level 5 in Conjurations
  2262 | D        | Noticed a redback
  2264 | D        | Killed a redback
  2265 | D        | Noticed a brain worm
  2268 | D        | Killed a brain worm
  2274 | D        | Noticed a brain worm
  2276 | D        | Killed a brain worm
  2280 | D        | Noticed a lindwurm
  2282 | D        | Noticed a redback
  2283 | D        | Killed a lindwurm
  2285 | D        | Killed a redback
  2290 | D        | Noticed a redback
  2291 | D        | Killed a redback
  2292 | D        | Noticed Maud
  2294 | D        | Killed Maud
  2294 | D        | Reached skill level 16 in Stealth
  2294 | D        | Reached skill level 5 in Air Magic
  2294 | D        | Reached XP level 11. HP: 47/47 MP: 27/29
  2305 | D        | Noticed an electric eel
  2306 | D        | Noticed a seven-headed hydra
  2306 | D        | Noticed a six-headed hydra
  2307 | D        | Killed an electric eel
  2307 | D        | Reached skill level 5 in Summonings
  2309 | D        | Killed a seven-headed hydra
  2310 | D        | Killed a six-headed hydra
  2310 | D        | Reached skill level 15 in Dodging
  2310 | D        | Reached skill level 5 in Poison Magic
  2348 | D        | Noticed a death drake
  2354 | D        | Killed a death drake
  2367 | D        | Noticed an anaconda
  2367 | D        | Noticed a water moccasin
  2367 | D        | Noticed a black mamba
  2367 | D        | Noticed a water moccasin
  2367 | D        | Noticed an anaconda
  2367 | D        | Noticed an anaconda
  2368 | D        | Noticed a water moccasin
  2368 | D        | Noticed a black mamba
  2369 | D        | Killed an anaconda
  2369 | D        | Reached skill level 10 in Hexes
  2370 | D        | Killed an anaconda
  2370 | D        | Reached skill level 17 in Stealth
  2371 | D        | Killed a black mamba
  2372 | D        | Killed a water moccasin
  2374 | D        | Killed an anaconda
  2375 | D        | Killed a water moccasin
  2377 | D        | Killed a water moccasin
  2377 | D        | Reached skill level 10 in Translocations
  2378 | D        | Killed a black mamba
  2421 | D        | Noticed an anaconda
  2421 | D        | Noticed a black mamba
  2421 | D        | Noticed an anaconda
  2421 | D        | Noticed a water moccasin
  2422 | D        | Killed an anaconda
  2423 | D        | Noticed a black mamba
  2433 | D        | Killed a black mamba
  2441 | D        | Killed an anaconda
  2441 | D        | Reached skill level 10 in Charms
  2443 | D        | Killed a black mamba
  2555 | D        | Noticed an anaconda
  2555 | D        | Noticed a black mamba
  2556 | D        | Killed an anaconda
  2556 | D        | Reached XP level 12. HP: 51/51 MP: 28/31
  2557 | D        | Noticed a water moccasin
  2560 | D        | Killed a black mamba
  2562 | D        | Killed a water moccasin
  2565 | D        | Killed a water moccasin
  2565 | D        | Reached skill level 18 in Stealth
  2615 | D        | Noticed a naga
  2615 | D        | Noticed a naga
  2616 | D        | Noticed a naga warrior
  2616 | D        | Noticed a greater naga
  2616 | D        | Found Cuocvyu's Book Shop.
  2616 | D        | Found Faxed's Food Shoppe.
  2617 | D        | Killed a naga
  2618 | D        | Killed a naga
  2619 | D        | Found Vadwewos's Antique Weapon Boutique.
  2620 | D        | Killed a naga warrior
  2621 | D        | Killed a greater naga
  2635 | D        | Noticed a guardian serpent
  2637 | D        | Killed a guardian serpent
  2640 | D        | Got a serpentine rune of Zot
  2697 | D        | Found a blossoming altar of Fedhas.
  2697 | D        | Noticed a spriggan
  2697 | D        | Noticed a spriggan druid
  2697 | D        | Noticed a spriggan
  2699 | D        | Killed a spriggan
  2700 | D        | Killed a spriggan druid
  2701 | D        | Killed a spriggan
  2701 | D        | Reached skill level 15 in Spellcasting
  2745 | D        | Noticed a swamp drake
  2745 | D        | Noticed a fire drake
  2746 | D        | Killed a fire drake
  2748 | D        | Killed a swamp drake
  2754 | D        | Noticed a blink frog
  2754 | D        | Noticed a blink frog
  2755 | D        | Noticed a blink frog
  2755 | D        | Noticed a blink frog
  2755 | D        | Noticed a blink frog
  2756 | D        | Killed a blink frog
  2758 | D        | Killed a blink frog
  2761 | D        | Killed a blink frog
  2761 | D        | Reached skill level 10 in Short Blades
  2764 | D        | Killed a blink frog
  2769 | D        | Killed a blink frog
  2815 | D        | Noticed Rupert
  2821 | D        | Paralysed by Rupert for 4 turns
  3036 | D        | Killed Rupert
  3036 | D        | Reached skill level 19 in Stealth
  3363 | D        | Noticed a death yak
  3364 | D        | Noticed a death yak
  3364 | D        | Noticed a blink frog
  3364 | D        | Noticed an azure jelly
  3364 | D        | Noticed a death yak
  3364 | D        | Noticed an azure jelly
  3364 | D        | Noticed a blink frog
  3364 | D        | Noticed a death yak
  3365 | D        | Killed a death yak
  3366 | D        | Killed a blink frog
  3367 | D        | Killed a death yak
  3368 | D        | Noticed a blink frog
  3368 | D        | Noticed a black mamba
  3369 | D        | Killed a death yak
  3383 | D        | Killed a death yak
  3384 | D        | Killed a blink frog
  3450 | D        | Killed a black mamba
  3452 | D        | Noticed a black mamba
  3453 | D        | Noticed an azure jelly
  3453 | D        | Noticed an azure jelly
  3461 | D        | Killed a black mamba
  3463 | D        | Killed a blink frog
  3507 | D        | Found Zastra Alao's Antique Armour Shoppe.
  3507 | D        | Found Ixigestru's Magic Scroll Boutique.
  3507 | D        | Found Cafot's Jewellery Emporium.
  3508 | D        | Noticed a fire dragon
  3509 | D        | Noticed a fire dragon
  3518 | D        | Killed a fire dragon
  3518 | D        | Reached XP level 13. HP: 24/55 MP: 13/33
  3526 | D        | Killed a fire dragon
  3887 | D        | Noticed a five-headed hydra
  3887 | D        | Noticed Xtahua
  3889 | D        | Killed Xtahua
  3889 | D        | Reached skill level 20 in Stealth
  3891 | D        | Killed a five-headed hydra
  3898 | D        | Got a decaying rune of Zot
  4036 | D        | Noticed an elephant
  4036 | D        | Noticed an elephant
  4036 | D        | Noticed a dire elephant
  4036 | D        | Noticed a dire elephant
  4036 | D        | Noticed Gastronok
  4038 | D        | Killed Gastronok
  4039 | D        | Killed a dire elephant
  4041 | D        | Killed a dire elephant
  4045 | D        | Killed an elephant
  4047 | D        | Killed an elephant
  4123 | D        | Noticed Harold
  4123 | D        | Noticed Joseph
  4125 | D        | Killed Harold
  4126 | D        | Killed Joseph
  4137 | D        | Noticed an orc priest
  4137 | D        | Noticed an orc high priest
  4138 | D        | Noticed an orc priest
  4138 | D        | Noticed an orc high priest
  4139 | D        | Killed an orc priest
  4140 | D        | Killed an orc high priest
  4142 | D        | Killed an orc high priest
  4143 | D        | Killed an orc priest
  4201 | D        | Noticed a spriggan defender
  4202 | D        | Noticed a spriggan defender
  4202 | D        | Noticed a spriggan defender
  4202 | D        | Noticed a spriggan defender
  4212 | D        | Killed a spriggan defender
  4213 | D        | Killed a spriggan defender
  4225 | D        | Killed a spriggan defender
  4229 | D        | Killed a spriggan defender
  4433 | D        | Noticed a centaur warrior
  4436 | D        | Killed a centaur warrior
  4466 | D        | Noticed a centaur warrior
  4470 | D        | Killed a centaur warrior
  4486 | D        | Noticed a white ugly thing
  4486 | D        | Noticed a fire dragon
  4488 | D        | Killed a white ugly thing
  4488 | D        | Reached skill level 21 in Stealth
  4491 | D        | Killed a fire dragon
  4506 | D        | Noticed a flail of crushing
  4506 | D        | Noticed a war axe of chopping
  4507 | D        | Noticed a hand axe of electrocution
  4516 | D        | Killed a flail of crushing
  4606 | D        | Noticed an antimagic hand axe
  4607 | D        | Killed a hand axe of electrocution
  4609 | D        | Killed an antimagic hand axe
  4612 | D        | Killed a war axe of chopping
  4617 | D        | Got a steaming rapier
  4618 | D        | Identified the +10 rapier of Makhleb's Hope {pierce, +Rage rF- rC+++ Dex+3} (You found it in the Dungeon)
  4750 | D        | Noticed an orc warrior
  4751 | D        | Noticed an orc priest
  4751 | D        | Noticed an orc sorcerer
  4751 | D        | Noticed an orc knight
  4751 | D        | Noticed an orc wizard
  4751 | D        | Noticed an orc sorcerer
  4751 | D        | Noticed an orc sorcerer
  4751 | D        | Noticed an orc warrior
  4751 | D        | Noticed an orc high priest
  4751 | D        | Noticed an orc warrior
  4751 | D        | Noticed an orc warrior
  4751 | D        | Noticed an orc warrior
  4751 | D        | Found Jipotz's Weapon Emporium.
  4752 | D        | Killed an orc high priest
  4753 | D        | Killed an orc warrior
  4756 | D        | Killed an orc priest
  4758 | D        | Killed an orc warrior
  4761 | D        | Killed an orc sorcerer
  4764 | D        | Killed an orc warrior
  4766 | D        | Killed an orc knight
  4767 | D        | Killed an orc sorcerer
  4769 | D        | Killed an orc wizard
  4780 | D        | Killed an orc warrior
  4787 | D        | Killed an orc warrior
  4809 | D        | Killed an orc sorcerer
  4809 | D        | Reached XP level 14. HP: 42/59 MP: 7/36
  4950 | D        | Noticed a deep elf summoner
  4950 | D        | Noticed a deep elf conjurer
  4950 | D        | Noticed a deep elf knight
  4950 | D        | Noticed a deep elf knight
  4950 | D        | Noticed a deep elf summoner
  5077 | D        | Bought a book of Clouds for 630 gold pieces
  5086 | D        | Learned a level 6 spell: Freezing Cloud
  5093 | D        | Learned a level 6 spell: Poisonous Cloud
  5235 | D        | Bought a slimy cloak for 190 gold pieces
  5261 | D        | Identified the +0 cloak of Dijineusoi {rElec rF+ Str+2} (You bought it in a shop in the Dungeon)
  5567 | D        | Bought a scroll of magic mapping for 45 gold pieces
  5567 | D        | Bought a scroll of blinking for 97 gold pieces
  5567 | D        | Bought a scroll of enchant armour for 97 gold pieces
  5670 | D        | Noticed a yaktaur captain
  5699 | D        | Noticed an orange crystal statue
  5751 | D        | Noticed a fire dragon
  5751 | D        | Noticed a white ugly thing
  5751 | D        | Noticed a faun
  5751 | D        | Noticed an anubis guard
  5751 | D        | Noticed a slime creature
  5752 | D        | Noticed a yaktaur captain
  5753 | D        | Killed an anubis guard
  5754 | D        | a fire dragon changed into a five-headed hydra
  5755 | D        | Killed a slime creature
  5820 | D        | Killed a yaktaur captain
  5823 | D        | Killed a white ugly thing
  6276 | D        | Noticed a necromancer
  6278 | D        | Killed a necromancer
  6285 | D        | Noticed a guardian mummy
  6287 | D        | Killed a guardian mummy
  6294 | D        | Noticed a skeletal warrior
  6296 | D        | Killed a skeletal warrior
  6304 | D        | Noticed a guardian mummy
  6306 | D        | Killed a guardian mummy
  6312 | D        | Noticed a guardian mummy
  6314 | D        | Killed a guardian mummy
  6320 | D        | Noticed a skeletal warrior
  6322 | D        | Killed a skeletal warrior
  6329 | D        | Noticed a vampire knight
  6334 | D        | Killed a vampire knight
  6334 | D        | Reached skill level 22 in Stealth
  6348 | D        | Noticed a guardian mummy
  6350 | D        | Killed a guardian mummy
  6441 | D        | Noticed a vampire knight
  6453 | D        | Slain by a vampire knight

Vault maps used:
D:        dungeon_sprint_mu

Action                   |  1- 3 |  4- 6 |  7- 9 | 10-12 | 13-15 || total
-------------------------+-------+-------+-------+-------+-------++-------
Melee: Dagger            |    12 |    22 |    63 |    98 |   128 ||   323
       Rapier            |       |       |       |       |    62 ||    62
 Cast: Ensorcelled Hiber |     3 |     1 |    51 |    31 |     8 ||    94
       Dazzling Spray    |       |    12 |     1 |    27 |    22 ||    62
       Confuse           |       |       |     4 |     7 |     3 ||    14
       Tukima's Dance    |       |       |       |     6 |     5 ||    11
       Mephitic Cloud    |       |       |       |     2 |       ||     2
Invok: Shadow Step       |       |       |       |    15 |    10 ||    25
  Use: Potion            |     2 |     1 |       |     1 |     1 ||     5
       Scroll            |     2 |       |       |       |     2 ||     4
 Stab: Sleeping          |     4 |     4 |    35 |    63 |    37 ||   143
       Confused          |       |       |     3 |     9 |     4 ||    16
       Invisible         |       |       |     1 |     2 |     5 ||     8
       Distracted        |       |       |       |       |     1 ||     1
  Eat: Bread ration      |       |       |       |     1 |       ||     1
